cohdb
Replays
Latest Replays
All Replays
Popular Replays
Top Player Replays
Match Explorer
How It Works
Community
CoH3 Stats
Reddit
Sign in to upload your games and track your stats! →
Sign in with Steam
Match 40851971
Unlisted
Match 40851971
Overview
Messages
Build Orders
End
Kradschützen Motorcycle Team
Panzerpioneer Squad
Panzergrenadier Squad
Panzergrenadier Squad
Construct Light Support Kompanie
2.5-tonne Medical Truck
MG34 Team
Panzerjäger Mechanized Group
Fire Support Elements
Selects Panzerjäger Kommand Battlegroup
Selects Mine Fields
Selects Defensive Positions
Flakvierling Half-track
Combat Half-tracks
Veteran Squad Leaders
le.IG 18 Mechanized Group
Selects Tank Busters
Vehicle Survival Package
Construct Panzerarmee Kommand
Walking Stuka Rocket Launcher
Selects Crew Shock Tactics
Pak 38 Mechanized Group
Selects Butterfly Bomb Drop
Butterfly Bomb Drop
Panzer III L Medium Tank
Walking Stuka Rocket Launcher
Walking Stuka Rocket Launcher
Selects Elefant Tank Destroyer
Advanced Optics
Elefant Tank Destroyer
Rapid Advance
HulkSMASH
赵天天001
0
0
Comments
sign in to comment!
No comments posted yet!